 Dungeon Crawl Stone Soup version 0.26-a0-850-g97a50ab700 (webtiles) character file.

Game seed: 9309844866078818310

11107 stormannnn the Frost Mage (level 11, -9/74 HPs)
             Began as a Demigod Ice Elementalist on Nov 20, 2020.
             Mangled by a red ugly thing (24 damage)
             ... on level 11 of the Dungeon.
             The game lasted 00:47:53 (13498 turns).

stormannnn the Frost Mage (DgIE)                   Turns: 13498, Time: 00:47:54

Health: -9/74      AC: 11    Str: 11    XL:     11   Next: 21%
Magic:  24/25      EV: 17    Int: 25    God:
Gold:   767        SH:  0    Dex: 16    Spells: 8/23 levels left

rFire    x . .     SeeInvis .   x - +4 dagger (venom)
rCold    + . .     Faith    .   (no shield)
rNeg     + . .     Spirit   .   J - +2 robe {rN+}
rPois    .         Reflect  .   (no helmet)
rElec    .         Harm     .   a - +0 cloak
rCorr    .         Rampage  .   q - +0 pair of gloves
MR       +....                  C - +0 pair of boots
Stlth    ++++......             M - amulet of magic regeneration
HPRegen  0.22/turn              j - +4 ring of protection
MPRegen  0.44/turn              t - ring of ice

@: no status effects
A: high mp 1
a: no special abilities


You were on level 11 of the Dungeon.
You visited 1 branch of the dungeon, and saw 11 of its levels.

You collected 767 gold pieces.

Inventory:

Hand Weapons
 x - a +4 dagger of venom (weapon)
Missiles
 u - 5 javelins (quivered)
Armour
 a - a +0 cloak (worn)
 q - a +0 pair of gloves (worn)
 C - a +0 pair of boots (worn)
 J - a +2 robe of positive energy (worn)
Jewellery
 j - a +4 ring of protection (left hand)
 t - a ring of ice (right hand)
 y - an uncursed ring of positive energy
 E - a +6 ring of dexterity {unknown}
 M - an amulet of magic regeneration (around neck)
Wands
 w - a wand of flame (45)
 z - a wand of random effects (22)
 H - a wand of iceblast (8)
Scrolls
 c - 3 scrolls of enchant weapon {unknown}
 e - 4 scrolls of immolation
 f - a scroll of noise {unknown}
 h - 6 scrolls of teleportation {unknown}
 k - 6 scrolls of remove curse
 l - 7 scrolls of identify
 m - 2 scrolls of blinking {unknown}
 n - a scroll of fog {unknown}
 p - a scroll of random uselessness {unknown}
 s - 2 scrolls of enchant armour {unknown}
 v - a scroll of fear {unknown}
 A - a scroll of acquirement {unknown}
 F - a scroll of amnesia {unknown}
 G - a scroll of torment {unknown}
Potions
 b - 2 potions of ambrosia
 d - 8 potions of curing
 g - 3 potions of flight
 o - a potion of resistance
 r - a potion of degeneration
 B - a potion of brilliance
 D - a potion of magic
 I - a potion of lignification {unknown}
 K - a potion of experience {unknown}
 L - a potion of invisibility {unknown}
 N - a potion of mutation {unknown}
 O - a potion of cancellation {unknown}


   Skills:
 + Level 7.4 Dodging
 + Level 8.1 Stealth
 + Level 6.8 Spellcasting
 - Level 6.0 Conjurations
 - Level 6.0 Summonings
 + Level 8.1 Ice Magic


You had 8 spell levels left.
You knew the following spells:

 Your Spells              Type           Power        Failure   Level
a - Freeze                Ice            ####         1%          1
b - Frozen Ramparts       Ice            ######       1%          3
c - Ozocubu's Armour      Ice            ######..     1%          3
d - Hailstorm             Conj/Ice       ######..     3%          4
e - Summon Ice Beast      Ice/Summ       ######..     3%          4

Your spell library contained the following spells:

 Spells                   Type           Power        Failure   Level
 Animate Skeleton         Necr           #.....       7%          1
 Pain                     Necr           #...         7%          1
 Vampiric Draining        Necr           #.........   21%         3
 Animate Dead             Necr           #.........   56%         4
 Agony                    Necr           #.......     88%         5


Dungeon Overview and Level Annotations

Branches:
Dungeon (11/15)            Temple (0/1) D:5             Orc (0/2) D:10
   Lair: D:8-11

Shops:
D:4 (   D:10 ?


Innate Abilities, Weirdness & Mutations

You have an increased reservoir of magic. (+10% MP)


Message History

Aim: a red ugly thing (heavily wounded, inner flame)
You feel a surge of power!
You freeze the red ugly thing!
Flame seeps out of the red ugly thing.
The red ugly thing is heavily wounded.
The red ugly thing is engulfed in blazing flames.
Flame seeps out of the red ugly thing.
The red ugly thing tail-slaps you but does no damage.
Casting: Freeze (safe; 1% risk of failure)
Confirm with . or Enter, or press ? or * to list all spells.
Aiming: Freeze (safe; 1% risk of failure)
Press: ? - help, Shift-Dir - straight line, f/p - red ugly thing
Aim: a red ugly thing (flame, severely wounded, inner flame)
You feel a surge of power!
You freeze the red ugly thing.
Flame seeps out of the red ugly thing.
The red ugly thing is severely wounded.
The red ugly thing is engulfed in blazing flames.
Flame seeps out of the red ugly thing.
The red ugly thing tail-slaps you!
* * * LOW HITPOINT WARNING * * *
You are engulfed in flames!!
The fire burns you terribly!
You die...

#.........+
#.........#
+.........#
#.........#
#.........#
###'#######
#..#
##.#####
#..u@.#
#####+#


You could see a red ugly thing (inner flame).

Vanquished Creatures
  2 hydras
  3 two-headed ogres
  Pikel (D:4)
  Psyche (D:8)
  Sigmund (D:4)
  A shadow (D:10)
  6 yaks (D:10)
  Eustachio (D:6)
  A wraith (D:9)
  3 orc warriors
  3 phantoms
  A black bear (D:8)
  2 ice beasts (D:6)
  2 sky beasts
  8 ogres
  2 lemures (D:4)
  15 centaurs
  A bullfrog (D:10)
  2 big kobolds
  A wyvern zombie (D:9)
  A water moccasin zombie (D:8)
  A wyvern skeleton (D:6)
  2 scorpions
  17 killer bees
  7 howler monkeys
  7 hounds
  A jelly (D:10)
  A centaur skeleton (D:7)
  5 orc priests
  3 bullfrog skeletons
  2 iguanas
  Ijyb (D:4)
  7 orc wizards
  8 worker ants
  An ogre zombie (D:10)
  7 gnolls
  16 adders
  2 shadow imps
  3 white imps (D:5)
  An ufetubus (D:9)
  An ooze (D:1)
  An adder skeleton (D:4)
  2 worms
  4 dart slugs
  3 leopard geckos
  29 orcs
  8 giant cockroaches
  8 hobgoblins
  8 jackals
  22 kobolds
  4 quokkas
  A ball python (D:1)
  A ball python skeleton (D:3)
  9 bats
  A frilled lizard (D:4)
  12 goblins
  A goblin skeleton (D:10)
  A goblin zombie (D:10)
  A hobgoblin skeleton (D:10)
  2 orc skeletons (D:10)
  8 orc zombies (D:10)
  14 rats
291 creatures vanquished.

Vanquished Creatures (collateral kills)
  2 black bears
  A phantom (D:10)
  A killer bee (D:8)
  4 ogre zombies (D:10)
  A goblin zombie (D:10)
  A hobgoblin skeleton (D:10)
  An orc skeleton (D:10)
  3 orc zombies (D:10)
14 creatures vanquished.

Grand Total: 305 creatures vanquished

Notes
Turn   | Place    | Note
-------+----------+-------------------------------------------
     0 | D:1      | stormannnn the Demigod Ice Elementalist began the quest for
                  | the Orb.
     0 | D:1      | Reached XP level 1. HP: 14/14 MP: 5/5
   407 | D:1      | Reached XP level 2. HP: 8/20 MP: 2/7
   981 | D:1      | Reached XP level 3. HP: 26/26 MP: 5/8
  1823 | D:2      | Found an iron altar of Okawaru.
  1824 | D:2      | Noticed an ogre
  1834 | D:2      | Learned a level 3 spell: Frozen Ramparts
  1903 | D:2      | Killed an ogre
  1904 | D:2      | Reached XP level 4. HP: 33/33 MP: 4/10
  2646 | D:3      | Reached XP level 5. HP: 38/38 MP: 8/11
  3106 | D:3      | Found a glowing silver altar of Zin.
  3325 | D:3      | Found a sparkling altar of Nemelex Xobeh.
  3521 | D:4      | Noticed Pikel
  3547 | D:4      | Killed Pikel
  3548 | D:4      | Reached skill level 5 in Ice Magic
  3548 | D:4      | Reached XP level 6. HP: 33/45 MP: 6/14
  3548 | D:4      | Reached XP level 7. HP: 37/50 MP: 6/15
  3671 | D:4      | Noticed Sigmund
  3689 | D:4      | Killed Sigmund
  4155 | D:4      | Reached skill level 5 in Stealth
  4248 | D:4      | Found Tirueq's Weapon Shop.
  4550 | D:4      | Noticed Ijyb
  4553 | D:4      | Reached XP level 8. HP: 57/57 MP: 14/18
  4561 | D:4      | Killed Ijyb
  4841 | D:5      | Entered Level 5 of the Dungeon
  4995 | D:5      | Reached skill level 5 in Dodging
  5324 | D:5      | Found a hazy altar of Hepliaklqana.
  5770 | D:5      | Found a staircase to the Ecumenical Temple.
  6216 | D:5      | Learned a level 3 spell: Ozocubu's Armour
  6221 | D:5      | Learned a level 4 spell: Hailstorm
  6226 | D:5      | Learned a level 4 spell: Summon Ice Beast
  6227 | D:6      | Noticed Eustachio
  6256 | D:6      | Killed Eustachio
  6257 | D:6      | Reached skill level 1 in Summonings
  6335 | D:6      | Reached skill level 1 in Conjurations
  6363 | D:6      | Reached skill level 5 in Spellcasting
  6717 | D:6      | Found a shimmering blue altar of Sif Muna.
  6717 | D:6      | Found a basalt altar of Yredelemnul.
  6717 | D:6      | Found a broken altar of Ashenzari.
  7343 | D:6      | Found a blossoming altar of Fedhas.
  7344 | D:6      | Found an ornate altar of the Wu Jian Council.
  7459 | D:6      | Reached XP level 9. HP: 37/62 MP: 20/20
  8538 | D:8      | Got a crude robe
  8539 | D:8      | Identified the +0 robe "Wyptef" {Harm} (You found it on
                  | level 8 of the Dungeon)
  8843 | D:8      | Noticed Psyche
  8858 | D:8      | Killed Psyche
  8922 | D:8      | Noticed a six-headed hydra
  8936 | D:8      | Killed a six-headed hydra
  8937 | D:8      | Reached XP level 10. HP: 49/69 MP: 11/22
 10539 | D:9      | Noticed a two-headed ogre
 10546 | D:9      | Killed a two-headed ogre
 10675 | D:10     | Entered Level 10 of the Dungeon
 10691 | D:10     | Noticed a two-headed ogre
 10718 | D:10     | Killed a two-headed ogre
 10719 | D:10     | Reached skill level 5 in Conjurations
 10719 | D:10     | Reached skill level 5 in Summonings
 11277 | D:10     | Noticed a two-headed ogre
 11289 | D:10     | Killed a two-headed ogre
 11842 | D:10     | Found San Asat's Magic Scroll Boutique.
 12021 | D:10     | Reached XP level 11. HP: 51/74 MP: 9/24
 12277 | D:10     | Found a staircase to the Orcish Mines.
 13410 | D:11     | Noticed a seven-headed hydra
 13422 | D:11     | Killed a seven-headed hydra
 13464 | D:11     | Found an opulent altar of Gozag.
 13498 | D:11     | Mangled by a red ugly thing

Illustrated notes

Levels and vault maps discovered:
D:1:      co_arrival_random_square_maze, layout_rooms
D:2:      layout_rooms, okawaru_trees_1, serial_co_window_serial,
          co_window_corner_a, co_window_paths_a, co_window_of_opportunity_a,
          co_window_cross_1, co_window_corner_a, co_window_corner_b,
          co_window_of_opportunity_b, co_window_unsneaky_path_b,
          co_window_2corner, co_window_paths_e, co_window_4corner_a,
          glass_columns_a, minmay_close_crescents
D:3:      layout_basic, nicolae_overflow_hidden_temple, general_overflow_altar
D:4:      layout_loops_corners, serial_shops, shop, uniq_sigmund, uniq_pikel,
          uniq_ijyb
D:5:      layout_gridville, nicolae_overflow_crystal_walls,
          minmay_temple_entry_nine_rooms
D:6:      layout_basic, chequers_temple_overflow_statue_of_worship,
          gammafunk_temple_overflow_statue, uniq_eustachio
D:7:      minmay_chambers_of_sevens, layout_loops_corners,
          nicolae_ru_the_path_less_chosen, gammafunk_ghost_arena
D:8:      layout_loops_ring, uniq_psyche
D:9:      layout_loops_ring
D:10:     layout_loops_ring, zombieorc1_lemuel, serial_shops, shop,
          grunt_ministairs_9
D:11:     layout_roguey, david_lair_generic, serial_shops, nicolae_shop_trees,
          basic_altar, lemuel_statue_altar

Skill      XL: |  1  2  3  4  5  6  7  8  9 10 11 |
---------------+----------------------------------+-----
Stealth        | 2 3 4 5 6 7 8 |  8.1
Dodging        | 2 4 5 6 7 |  7.4
Spellcasting   | 2 3 4 5 6 |  6.8
Ice Magic      | 4 5 6 7 8 |  8.1
Summonings     | 2 4 5 6 |  6.0
Conjurations   | 2 4 5 6 |  6.0

Action                   |  1- 3 |  4- 6 |  7- 9 | 10-12 || total
-------------------------+-------+-------+-------+-------++-------
Melee: Dagger            |    45 |    66 |   244 |   241 ||   596
       Unarmed           |     4 |       |       |       ||     4
 Cast: Freeze            |    48 |    13 |    26 |    15 ||   102
       Frozen Ramparts   |     1 |     5 |    24 |    26 ||    56
       Hailstorm         |       |       |     4 |    11 ||    15
       Summon Ice Beast  |       |       |     2 |    16 ||    18
       Ozocubu's Armour  |       |       |     1 |     1 ||     2
  Use: Scroll            |       |       |     9 |     3 ||    12
       Potion            |       |       |       |     3 ||     3
 Stab: Sleeping          |     7 |     5 |     9 |     4 ||    25
       Distracted        |       |       |       |     3 ||     3
Armor: Robe              |    17 |     6 |    66 |    74 ||   163
Dodge: Dodged            |    54 |    41 |   209 |   209 ||   513

Table legend: (Time is in decaauts)
 A = Elapsed time spent in this place.
 B = Non-inter-level travel time spent in this place.
 C = Inter-level travel time spent in this place.
 D = Time resting spent in this place.
 E = Time spent auto-exploring this place.
 F = Levels seen in this place.
 G = Mean time per level.
                   A        B        C        D        E       F      G
               +--------+--------+--------+--------+--------+-----+--------+
         Total |  13504 |  13027 |    477 |   4719 |   5710 |  11 | 1227.6 |
       Dungeon |  13504 |  13027 |    477 |   4719 |   5710 |  11 | 1227.6 |
               +--------+--------+--------+--------+--------+-----+--------+

Top non-repeatable levels by time:
    D:10: 2669 daAuts
     D:6: 1523 daAuts
     D:4: 1513 daAuts
     D:1: 1437 daAuts
     D:5: 1413 daAuts
     D:9: 1336 daAuts
     D:8: 1321 daAuts
     D:2: 1196 daAuts
     D:3: 782 daAuts
    D:11: 156 daAuts
     D:7: 154 daAuts
